 Dungeon Crawl Stone Soup version 0.19.5 (webtiles) character file.

115399 RaHiT the Eclecticist (level 16, -17/122 HPs)
             Began as a Mummy Conjurer on May 24, 2017.
             Was a High Priest of Vehumet.
             Demolished by an alligator (25 damage)
             ... on level 4 of the Lair of Beasts.
             The game lasted 04:46:56 (51233 turns).

RaHiT the Eclecticist (Mummy Conjurer)             Turns: 51233, Time: 04:46:56

Health: -17/122    AC:  7    Str: 11    XL:     16   Next: 18%
Magic:  6/35       EV: 13    Int: 20    God:    Vehumet [*****.]
Gold:   1402       SH:  8    Dex: 14    Spells: 11 memorised, 4 levels left

rFire  . . .     SeeInvis .     B - staff of earth
rCold  + . .     Gourm    .     z - +2 robe {MR+}
rNeg   + + +     Faith    .     P - +0 buckler
rPois  ∞         Spirit   .     f - +0 helmet
rElec  .         Reflect  +     (no cloak)
rCorr  .         Harm     .     J - +0 pair of gloves
MR     +++..                    H - +0 pair of boots
Stlth  ++........               o - +3 amulet of reflection
                                s - ring of wizardry
                                t - ring of protection from fire

@: very slightly contaminated, repel missiles
A: no food or potions, fire vulnerability, cold resistance 1, negative energy
resistance 3, torment resistance, unbreathing, in touch with death 1
a: Renounce Religion


You were on level 4 of the Lair of Beasts.
You worshipped Vehumet.
Vehumet was extremely pleased with you.
You were not hungry.

You visited 5 branches of the dungeon, and saw 24 of its levels.
You also visited: Sewer.

You collected 1706 gold pieces.
You spent 304 gold pieces at shops.

Inventory:

Armour
 f - a +0 helmet (worn)
 z - a +2 robe of magic resistance (worn)
 G - the +1 cloak of Broken Taboos {Regen+ rCorr Int-4}
   (You bought it in a shop on level 2 of the Orcish Mines)

   It affects your intelligence (-4).
   It increases your rate of regeneration.
   It protects you from acid and corrosion.
 H - a +0 pair of boots (worn)
 J - a +0 pair of gloves (worn)
 M - a +2 robe of cold resistance
 P - a +0 buckler (worn)
Magical Staves
 B - an uncursed staff of earth (weapon)
Jewellery
 o - a +3 amulet of reflection (around neck)
 r - an uncursed ring of ice
 s - a ring of wizardry (right hand)
 t - a ring of protection from fire (left hand)
 w - the ring of Ifucepn {rC+ Dex+7}
   (You found it on level 6 of the Lair of Beasts)

   [ring of protection from cold]

   It affects your dexterity (+7).
   It protects you from cold.
 F - an uncursed ring of protection from magic
Wands
 c - a wand of polymorph (3/24)
 m - a wand of hasting (3/9)
 n - a wand of disintegration (7/24)
 q - a wand of iceblast (8/15)
 A - a wand of digging (7/24)
 C - a wand of lightning (6/15)
 D - a wand of confusion (21/48)
 E - a wand of slowing (24/48)
 K - a wand of digging (15/24)
 N - a wand of polymorph (12/24)
 R - a wand of iceblast (7/15)
 T - a wand of lightning (2/15)
 W - a wand of teleportation (3/9)
 X - a wand of lightning (13/15)
 Y - a wand of enslavement (20/24)
Scrolls
 a - a scroll of fog
 d - 2 scrolls of amnesia
 e - 2 scrolls of magic mapping
 g - 11 scrolls of remove curse
 h - 9 scrolls of teleportation
 k - 3 scrolls of identify
 u - 4 scrolls of enchant armour
 U - a scroll of fear
 V - a scroll of blinking
Books
 p - a book of Fire

   Spells                             Type                      Level
   a - Ignite Poison                  Fire/Transmutation/Poison    3
   b - Fireball                       Conjuration/Fire             5
   c - Bolt of Fire                   Conjuration/Fire             6
   d - Delayed Fireball               Conjuration/Fire             7
   e - Ring of Flames                 Charms/Fire                  7
 S - a book of Maledictions

   Spells                             Type                      Level
   a - Corona                         Hexes                        1
   b - Ensorcelled Hibernation        Hexes/Ice                    2
   c - Confuse                        Hexes                        3
   d - Tukima's Dance                 Hexes                        3
   e - Dazzling Spray                 Conjuration/Hexes            3
Miscellaneous
 v - a sack of spiders
 I - a lamp of fire


   Skills:
 - Level 10.1 Fighting
 - Level 3.0 Dodging
 - Level 1.5 Stealth
 - Level 4.0 Shields
 - Level 15.0 Spellcasting
 * Level 13.7 Conjurations
 - Level 5.0 Fire Magic
 - Level 5.0 Earth Magic
 - Level 10.0 Evocations


You had 4 spell levels left.
You knew the following spells:

 Your Spells              Type           Power        Failure   Level  Hunger
a - Magic Dart            Conj           ####         0%          1    N/A
b - Iskenderun's Mystic   Conj           ######..     1%          4    N/A
c - Iskenderun's Battles  Conj/Chrm      #####...     1%          5    N/A
d - Conjure Flame         Conj/Fire      ######..     1%          3    N/A
e - Orb of Destruction    Conj           ######....   1%          7    N/A
f - Repel Missiles        Chrm/Air       ###...       4%          2    N/A
g - Mephitic Cloud        Conj/Pois/Air  ####....     1%          3    N/A
h - Iron Shot             Conj/Erth      ######....   1%          6    N/A
i - Bolt of Fire          Conj/Fire      ######....   1%          6    N/A
j - Blink                 Tloc           N/A          4%          2    N/A
q - Searing Ray           Conj           ######       1%          2    N/A

Dungeon Overview and Level Annotations

Branches:
Dungeon (14/15)            Temple (1/1) D:7            Lair (6/6) D:11
  Swamp (1/4) Lair:4        Snake (0/4) Lair:2        Slime (0/5) Lair:5
    Orc (2/2) D:10            Elf (0/3) Orc:2        Vaults (0/5) D:14

Altars:
Ashenzari
Cheibriados
Dithmenos
Elyvilon
Fedhas
Gozag
Hepliaklqana
Kikubaaqudgha
Makhleb
Nemelex Xobeh
Okawaru
Qazlal
Ru
Sif Muna
Trog
Uskayaw
Vehumet
Xom
Yredelemnul
Zin
The Shining One
Beogh

Shops:
Orc:2 [(%:!

Portals:
Pandemonium: Orc:2
Trove: D:11 (give +3 storm dragon scales)


Innate Abilities, Weirdness & Mutations

You do not eat or drink.
Your flesh is vulnerable to fire.
You are immune to poison.
Your flesh is cold resistant. (rC+)
You are immune to negative energy. (rN+++)
You are immune to unholy pain and torment.
You can survive without breathing.
You are in touch with the powers of death.


Message History

Confirm with . or Enter, or press ? or * to list all spells.
Aiming: Orb of Destruction
Press: ? - help, Shift-Dir - straight line, f/p - alligator
Aim: an alligator (moderately wounded, covering ground quickly)
The wavering orb of destruction hits the alligator.
The alligator is almost dead.
Casting: Orb of Destruction
Confirm with . or Enter, or press ? or * to list all spells.
Aiming: Orb of Destruction
Press: ? - help, Shift-Dir - straight line, f/p - alligator
Aim: an alligator (almost dead, covering ground quickly)
Casting: Orb of Destruction
Confirm with . or Enter, or press ? or * to list all spells.
Aiming: Orb of Destruction
Press: ? - help, Shift-Dir - straight line, f/p - alligator
Aim: an alligator (magical condensation, almost dead, covering ground quickly)
You miscast Orb of Destruction.
You are very lightly contaminated with residual magic.
Your skin tingles.
The alligator bites you!!
You die...

## .#### ### ...P#
♣♣♣♣♣##.#### ...##
♣♣≈≈♣♣.....P#
....###♣♣≈≈≈%♣.....##
.%.#...♣≈≈>§§♣......#
....#..♣♣w≈≈§♣.t@...#
......#♣♣♣§§♣♣.§....#
...#.## ♣♣§♣♣..§...##
..#### ♣§.*§§§.'###
..# ####.##..# .##
####.## ##### #.##'##
....## ##.....#
.....## #......##


You could see an alligator.

Vanquished Creatures
  Rupert (Orc:2)
  The ghost of Kisielow the Fencer, a journeyman MiFi of Okawaru (Orc:2)
  2 orc warlords (Orc:2)
  A stone giant (D:14)
  Nessos (Orc:2)
  2 ettins (Orc:1)
  Josephine (D:12)
  Erolcha (Orc:2)
  A fire dragon (Lair:6)
  A rakshasa (D:13)
  Fannar (Orc:1)
  An ogre mage (Orc:1)
  6 hydras
  5 centaur warriors
  A death knight (D:13)
  2 tengu warriors
  Urug (D:14)
  An alligator (Lair:4)
  11 orc high priests (Orc:2)
  A soul eater (Orc:2)
  Nergalle (D:11)
  2 torturous demonspawn (Orc:2)
  3 unseen horrors
  A gelid demonspawn (Orc:2)
  11 hill giants
  A shambling mangrove (Swamp:1)
  A swamp dragon (Lair:6)
  5 orc knights
  2 necromancers (D:14)
  2 orc sorcerers (Orc:2)
  5 ugly things
  A manticore (D:14)
  A faun (D:12)
  A cyclops (D:14)
  9 elephants
  13 black mambas
  An ice statue (D:11)
  3 molten gargoyles (Lair:6)
  A torpor snail (Lair:6)
  An orange demon (Orc:2)
  A gargoyle (D:12)
  14 komodo dragons
  13 spiny frogs
  A rime drake (Lair:4)
  2 freezing wraiths (D:13)
  An efreet (D:13)
  3 tengu conjurers
  10 trolls
  6 polar bears
  A tyrant leech (Lair:4)
  6 two-headed ogres
  5 hornets
  A harpy skeleton (D:14)
  12 dream sheep
  3 slime creatures
  18 blink frogs
  12 hippogriffs
  8 wyverns
  2 vampires (D:14)
  43 yaks
  A spriggan (Swamp:1)
  A human (D:8)
  7 wraiths
  9 basilisks
  4 hogs (D:8)
  A chaos spawn (Orc:2)
  2 vampire mosquitoes (D:13)
  2 hungry ghosts
  2 steam dragons (Lair:6)
  Menkaure (D:6)
  2 mottled dragons
  4 wargs
  7 hell hounds
  10 porcupines
  23 water moccasins
  6 sky beasts
  50 orc warriors
  4 ice beasts
  A hornet zombie (D:14)
  6 black bears
  3 eyes of draining
  2 necrophages
  22 ogres
  15 wolves
  17 centaurs
  18 crocodiles
  2 big kobolds
  21 bullfrogs
  A wyvern zombie (D:13)
  2 scorpions
  A killer bee (D:7)
  12 wights
  3 howler monkeys
  An electric eel (Lair:1)
  5 lava snakes (Lair:6)
  2 centaur zombies (D:12)
  7 crimson imps
  A bullfrog zombie (D:8)
  2 quasits (D:12)
  7 hounds
  5 centaur skeletons
  4 jellies
  34 orc priests
  30 orc wizards
  2 iguanas
  14 worker ants
  2 killer bee zombies
  A mummy (D:7)
  A hound skeleton (D:8)
  A worker ant zombie (D:7)
  16 gnolls
  20 adders
  A howler monkey skeleton (D:5)
  2 river rats (Sewer)
  2 shadow imps
  7 oozes
  3 adder skeletons
  2 worms
  2 dart slugs
  3 leopard geckos
  128 orcs
  8 giant cockroaches
  6 hobgoblins
  17 jackals
  10 kobolds
  8 quokkas
  11 ball pythons
  6 bats
  3 frilled lizards
  8 goblins
  14 rats
927 creatures vanquished.

Vanquished Creatures (others)
  2 orc wizards (D:8)
  19 fungi
  21 plants
42 creatures vanquished.

Grand Total: 969 creatures vanquished

Notes
Turn   | Place    | Note
-------+----------+-------------------------------------------
     0 | D:1      | RaHiT the Mummy Conjurer began the quest for the Orb.
     0 | D:1      | Reached XP level 1. HP: 13/13 MP: 3/3
   566 | D:1      | Reached XP level 2. HP: 19/19 MP: 2/5
   570 | D:1      | Learned a level 2 spell: Searing Ray
  1300 | D:2      | Reached skill level 3 in Spellcasting
  1908 | D:3      | Reached XP level 3. HP: 24/24 MP: 3/7
  2119 | D:3      | Found a glowing drain.
  2209 | Sewer    | Entered a sewer
  2232 | Sewer    | Reached skill level 4 in Spellcasting
  2232 | Sewer    | Reached XP level 4. HP: 20/30 MP: 0/10
  2967 | Sewer    | Noticed a big kobold
  2980 | Sewer    | Killed a big kobold
  2980 | Sewer    | Reached skill level 5 in Spellcasting
  2980 | Sewer    | Reached XP level 5. HP: 29/35 MP: 0/12
  3086 | Sewer    | Learned a level 4 spell: Iskenderun's Mystic Blast
  3092 | Sewer    | Learned a level 5 spell: Iskenderun's Battlesphere
  3384 | D:3      | Noticed an orc warrior
  3407 | D:3      | Killed an orc warrior
  3407 | D:3      | Reached skill level 6 in Spellcasting
  3407 | D:3      | Reached XP level 6. HP: 15/41 MP: 4/15
  4124 | D:4      | Found a glowing golden altar of the Shining One.
  4912 | D:4      | Noticed an ice beast
  4946 | D:4      | Killed an ice beast
  4946 | D:4      | Reached XP level 7. HP: 37/46 MP: 7/16
  5234 | D:4      | Reached skill level 5 in Conjurations
  5987 | D:5      | Entered Level 5 of the Dungeon
  6325 | D:5      | Reached XP level 8. HP: 20/52 MP: 12/18
  6618 | D:5      | Found a deep blue altar of Sif Muna.
  6864 | D:5      | Reached skill level 7 in Spellcasting
  6970 | D:6      | Identified the cursed +1 plate armour of Indomitability {+Fly rElec MR+} (You found it on level 6 of the Dungeon)
  7460 | D:6      | Noticed Menkaure
  7471 | D:6      | Killed Menkaure
  9297 | D:6      | Reached XP level 9. HP: 20/57 MP: 15/20
  9800 | D:7      | Found a snail-covered altar of Cheibriados.
  9922 | D:7      | Noticed a hill giant
 10189 | D:7      | Reached skill level 8 in Spellcasting
 10550 | D:7      | Found a staircase to the Ecumenical Temple.
 10557 | Temple   | Entered the Ecumenical Temple
 10667 | Temple   | Became a worshipper of Vehumet
 11083 | D:7      | Killed a hill giant
 11083 | D:7      | Reached skill level 9 in Spellcasting
 11883 | D:7      | Reached skill level 10 in Spellcasting
 12669 | D:8      | Reached XP level 10. HP: 62/63 MP: 16/24
 12852 | D:8      | Reached * piety under Vehumet
 12852 | D:8      | Offered knowledge of Shock by Vehumet.
 12991 | D:7      | HP: 3/63 [bullfrog (7)]
 14200 | D:8      | Reached skill level 10 in Conjurations
 14343 | D:9      | Learned a level 3 spell: Mephitic Cloud
 14346 | D:9      | Learned a level 2 spell: Blink
 14349 | D:9      | Learned a level 2 spell: Repel Missiles
 14353 | D:9      | Learned a level 3 spell: Conjure Flame
 14494 | D:9      | Offered knowledge of Sting by Vehumet.
 14497 | D:9      | Reached ** piety under Vehumet
 15481 | D:9      | Found a shattered altar of Ashenzari.
 15485 | D:9      | Saw a vision of the Swamp and the Snake Pit.
 15485 | D:9      | Noticed a shock serpent
 15485 | D:9      | Noticed a black mamba
 15485 | D:9      | Noticed an alligator
 15485 | D:9      | Noticed a naga ritualist
 15485 | D:9      | Noticed a black mamba
 15486 | D:9      | Noticed a shock serpent
 15486 | D:9      | Noticed a black mamba
 15486 | D:9      | Noticed a black mamba
 15497 | D:9      | You fall through a shaft for 3 floors!
 15854 | D:12     | Found a hide-covered altar of Uskayaw.
 15992 | D:11     | Noticed a hill giant
 16005 | D:11     | Killed a hill giant
 16023 | D:11     | Noticed Nergalle
 16063 | D:11     | Killed Nergalle
 16063 | D:11     | Reached XP level 11. HP: 15/68 MP: 5/25
 16276 | D:11     | Noticed a hill giant
 16281 | D:11     | Killed a hill giant
 16401 | D:11     | Found a staircase to the Lair.
 16633 | D:11     | Reached skill level 11 in Spellcasting
 16652 | D:10     | Entered Level 10 of the Dungeon
 16704 | D:10     | Reached skill level 1 in Fighting
 17131 | D:10     | Found a staircase to the Orcish Mines.
 17335 | D:10     | Offered knowledge of Throw Flame by Vehumet.
 17878 | D:10     | Reached *** piety under Vehumet
 18541 | D:11     | Noticed a hill giant
 18543 | D:11     | Killed a hill giant
 18543 | D:11     | Reached skill level 5 in Fighting
 18675 | D:11     | Found a portal to a secret trove of treasure.
 18804 | D:11     | Noticed a seven-headed hydra
 18809 | D:11     | Killed a seven-headed hydra
 19144 | Lair:1   | Entered Level 1 of the Lair of Beasts
 19149 | Lair:1   | Reached skill level 1 in Shields
 19888 | Lair:1   | Offered knowledge of Force Lance by Vehumet.
 20254 | Lair:1   | Reached skill level 1 in Evocations
 20947 | Lair:2   | Reached XP level 12. HP: 46/88 MP: 3/27
 21217 | Lair:2   | Reached **** piety under Vehumet
 21504 | Lair:2   | Found a staircase to the Snake Pit.
 21920 | Lair:2   | Reached skill level 5 in Evocations
 21934 | Lair:2   | Offered knowledge of Fireball by Vehumet.
 21941 | Lair:2   | Learned a level 5 spell: Fireball
 23451 | Lair:3   | Noticed a five-headed hydra
 23455 | Lair:3   | Killed a five-headed hydra
 23456 | Lair:3   | Noticed a seven-headed hydra
 24377 | Lair:3   | Killed a seven-headed hydra
 25326 | Lair:4   | Gained mutation: You are in touch with the powers of death. [Mummy growth]
 25326 | Lair:4   | Reached XP level 13. HP: 69/93 MP: 13/28
 26419 | Lair:4   | Reached skill level 10 in Evocations
 26490 | Lair:4   | Found a staircase to the Swamp.
 26588 | Lair:5   | Reached ***** piety under Vehumet
 26728 | Lair:5   | Offered knowledge of Ozocubu's Refrigeration by Vehumet.
 26736 | Lair:5   | Learned a level 6 spell: Bolt of Fire
 27287 | Lair:5   | Found a staircase to the Slime Pits.
 28080 | Lair:6   | Entered Level 6 of the Lair of Beasts
 28844 | Lair:5   | Reached skill level 10 in Fighting
 30551 | Lair:6   | Offered knowledge of Iron Shot by Vehumet.
 30551 | Lair:6   | Reached skill level 12 in Spellcasting
 30734 | Lair:1   | Learned a level 6 spell: Iron Shot
 31064 | Lair:6   | Got a coiled brass ring
 31065 | Lair:6   | Identified the ring of Ifucepn {rC+ Dex+7} (You found it on level 6 of the Lair of Beasts)
 31565 | Lair:6   | Reached XP level 14. HP: 99/110 MP: 11/30
 33508 | Lair:6   | Found a large runed door.
 33509 | Lair:6   | Found a large runed door.
 33897 | Orc:1    | Entered Level 1 of the Orcish Mines
 33920 | D:10     | Reached skill level 1 in Fire Magic
 34184 | D:10     | Reached skill level 1 in Earth Magic
 35105 | Orc:2    | Entered Level 2 of the Orcish Mines
 35209 | Orc:2    | Noticed Kisielow's ghost (journeyman MiFi)
 35551 | Orc:1    | Noticed Fannar
 35563 | Orc:1    | Killed Fannar
 35651 | Orc:1    | Offered knowledge of Venom Bolt by Vehumet.
 36217 | Orc:2    | Noticed Erolcha
 36250 | Orc:2    | Killed Erolcha
 37980 | D:12     | Noticed Josephine
 38026 | D:12     | Killed Josephine
 38558 | D:12     | Reached skill level 5 in Fire Magic
 38917 | D:13     | Reached skill level 5 in Earth Magic
 39899 | D:13     | Offered knowledge of Spellforged Servitor by Vehumet.
 40620 | D:14     | Reached XP level 15. HP: 111/115 MP: 27/31
 40647 | D:14     | Noticed Urug
 40667 | D:14     | Killed Urug
 40986 | D:14     | Reached skill level 13 in Spellcasting
 41383 | D:14     | Found a gate to the Vaults.
 42615 | D:14     | Offered knowledge of Orb of Destruction by Vehumet.
 42635 | D:14     | Learned a level 7 spell: Orb of Destruction
 42750 | D:13     | Reached skill level 14 in Spellcasting
 43447 | D:14     | Found a huge runed gate.
 43447 | D:14     | Found a huge runed gate.
 43447 | D:14     | Found a huge runed gate.
 43447 | D:14     | Found a huge runed gate.
 44744 | Orc:2    | Noticed an orc warlord
 44879 | Orc:2    | Killed an orc warlord
 45022 | Orc:2    | Found Nafut's Antique Armour Shoppe.
 45030 | Orc:2    | Bought a faintly humming cloak for 304 gold pieces
 45030 | Orc:2    | Identified the +1 cloak of Broken Taboos {Regen+ rCorr Int-4} (You bought it in a shop on level 2 of the Orcish Mines)
 45038 | Orc:2    | Found a roughly hewn altar of Beogh.
 45491 | Orc:2    | Killed Kisielow's ghost
 45716 | Orc:2    | Noticed Nessos
 45725 | Orc:2    | Killed Nessos
 45981 | Orc:2    | Reached skill level 15 in Spellcasting
 46115 | Orc:2    | Found a staircase to the Elven Halls.
 46121 | Orc:2    | Noticed Rupert
 46167 | Orc:2    | Noticed an orc warlord
 46184 | Orc:2    | Killed an orc warlord
 46740 | Orc:2    | Killed Rupert
 47000 | Orc:2    | Offered knowledge of Conjure Ball Lightning by Vehumet.
 47330 | Orc:2    | Found Lommunech's Distillery.
 47332 | Orc:2    | Found Iclon's Food Shoppe.
 48770 | Orc:2    | Reached XP level 16. HP: 122/122 MP: 23/35
 49472 | Orc:2    | Found Sush's Book Boutique.
 49472 | Orc:2    | Found Fothrenk's Antique Weapon Shop.
 49473 | Orc:2    | Found a one-way gate leading to the halls of Pandemonium.
 50889 | Swamp:1  | Entered Level 1 of the Swamp
 51233 | Lair:4   | Demolished by an alligator

Skill      XL: |  1  2  3  4  5  6  7  8  9 10 11 12 13 14 15 |
---------------+----------------------------------------------+-----
Spellcasting   | 3 4 5 6 7 10 11 12 15 | 15.0
Conjurations   | 4 6 8 11 12 13 | 13.7
Fighting       | 6 10 | 10.1
Shields        | 4 |  4.0
Evocations     | 3 9 10 | 10.0
Dodging        | 2 3 |  3.0
Fire Magic     | 5 |  5.0
Earth Magic    | 5 |  5.0
Stealth        | |  1.5

Action                   |  1- 3 |  4- 6 |  7- 9 | 10-12 | 13-15 | 16-18 || total
-------------------------+-------+-------+-------+-------+-------+-------++-------
Melee: Unarmed           |    12 |     3 |       |       |       |       ||    15
       Hand axe          |     4 |       |       |       |       |       ||     4
 Fire: Blowgun           |       |    42 |   136 |   338 |   111 |       ||   627
 Cast: Magic Dart        |    50 |    69 |    49 |   181 |   343 |    10 ||   702
       Searing Ray       |    10 |    24 |    76 |   106 |   184 |     3 ||   403
       Iskenderun's Myst |       |       |    42 |    96 |   238 |     5 ||   381
       Iskenderun's Batt |       |       |       |    37 |   141 |     4 ||   182
       Conjure Flame     |       |       |       |    34 |    40 |       ||    74
       Repel Missiles    |       |       |       |     1 |    11 |       ||    12
       Blink             |       |       |       |     6 |     9 |     1 ||    16
       Mephitic Cloud    |       |       |       |     5 |    12 |     3 ||    20
       Iron Shot         |       |       |       |       |     9 |       ||     9
       Bolt of Fire      |       |       |       |       |    10 |     2 ||    12
       Orb of Destructio |       |       |       |       |   121 |    54 ||   175
Evoke: Wand              |       |       |       |     7 |    38 |     4 ||    49
       Lamp of fire      |       |       |       |     2 |     2 |       ||     4
       Sack of spiders   |       |       |       |       |     1 |       ||     1
  Use: Scroll            |     4 |     1 |    13 |     9 |     8 |       ||    35
Armor: Robe              |     7 |    10 |    27 |    28 |    62 |     8 ||   142
Dodge: Dodged            |    14 |    37 |   130 |   118 |   183 |    13 ||   495
       Deflected         |       |       |       |     2 |    27 |       ||    29
Block: Other             |       |       |    14 |    21 |       |       ||    35
       Reflection        |       |       |     2 |     2 |    26 |       ||    30
       Buckler           |       |       |       |    39 |   145 |    11 ||   195
